AoeStats
← changsel

Oasis

510267782Analyzed
2v2 RM · 1d ago on Sep 30, 2026· 108m 22s· 4 players
Game mode
Random Map
Map size
Medium (4 player)
Population
200
Speed
Normal
Resources
Standard
Victory
Conquest
Starting age
Dark Age
Ending age
Imperial Age
RankedLock teamsTeams togetherTeam positionsShared explorationLock speedFull tech treeHidden civsTurbo modeCheats
Victory
Defeat
🇬🇷 Byzantines · Greece
977
+16
🇪🇸 Varangians · Spain
976
+16
🇨🇳 Bulgarians · China
997
-17
🇨🇳 Tatars · China
947
-15
Winston
4:14 Loom
11:27 Feudal Age
12:49 Double-Bit Axe
18:51 Castle Age
18:59 Fletching
20:20 Horse Collar
22:58 Padded Archer Armor
26:57 Wheelbarrow
27:10 Bodkin Arrow
29:11 Bloodlines
29:47 Ballistics
30:06 Husbandry
34:07 Gold Mining
35:47 Hand Cart
36:16 Leather Archer Armor
36:27 Town Watch
40:28 Imperial Age
38:43 Gold Shaft Mining
39:54 Scale Barding Armor
40:46 Forging
42:04 Conscription
44:20 Bow Saw
45:26 Bracer
46:29 Chemistry
46:25 Elite Keshik
48:05 Heavy Camel Rider
49:08 Chain Barding Armor
49:29 Silk Armor
50:08 Heavy Cavalry Archer
52:04 Plate Barding Armor
55:56 Heavy Plow
56:44 Ring Archer Armor
57:13 Iron Casting
60:04 Blast Furnace
58:52 Elite Skirmisher
59:32 Light Cavalry
61:12 Crop Rotation
62:12 Blast Furnace
64:43 Masonry
66:42 Siege Engineers
81:27 Hussar
83:55 Onager
92:05 Capped Ram
93:48 Siege Ram
changsel
11:22 Feudal Age
12:01 Double-Bit Axe
11:58 Horse Collar
12:11 Gold Mining
12:47 Loom
16:07 Wheelbarrow
16:58 Stone Mining
17:05 Town Watch
21:49 Castle Age
19:41 Stone Mining
21:00 Scale Barding Armor
25:28 Chain Barding Armor
26:28 Bow Saw
29:06 Gold Shaft Mining
29:54 Heavy Plow
32:17 Forging
34:07 Stirrups
37:53 Imperial Age
37:46 Pikeman
39:46 Halberdier
51:02 Squires
51:52 Stone Shaft Mining
51:45 Hand Cart
51:32 Town Patrol
68:01 Ballistics
68:43 Chemistry
67:14 Elite Konnik
73:57 Plate Barding Armor
73:58 Iron Casting
75:58 Masonry
zualoi
8:04 Loom
9:46 Loom
12:22 Feudal Age
13:15 Double-Bit Axe
13:14 Horse Collar
14:36 Bloodlines
15:17 Wheelbarrow
26:06 Castle Age
24:11 Fletching
24:23 Scale Mail Armor
24:31 Scale Barding Armor
25:25 Padded Archer Armor
25:36 Forging
27:17 Chain Barding Armor
27:04 Husbandry
28:46 Hand Cart
28:50 Gold Mining
28:59 Town Watch
30:20 Elite Skirmisher
34:56 Squires
36:17 Town Patrol
37:22 Bodkin Arrow
40:19 Gambesons
59:04 Fortified Wall
60:12 Masonry
71:57 Guard Tower
78:23 Heavy Plow
84:29 Bow Saw
86:19 Arson
86:45 Scale Mail Armor
88:56 Chain Mail Armor
95:15 Imperial Age
94:48 Iron Casting
96:47 Plate Mail Armor
96:57 Elite Varangian Guard
99:26 Onager
106:33 Capped Ram
orestsymeonidhs
11:19 Feudal Age
12:50 Double-Bit Axe
12:57 Loom
15:13 Castle Age
17:39 Bow Saw
24:21 Crossbowman
27:21 Thumb Ring
28:18 Wheelbarrow
28:12 Horse Collar
31:31 Imperial Age
29:29 Gold Mining
29:29 Stone Mining
30:09 Ballistics
31:03 Padded Archer Armor
30:54 Fletching
31:11 Heavy Plow
32:11 Leather Archer Armor
32:27 Hand Cart
32:14 Husbandry
32:12 Bodkin Arrow
32:52 Conscription
32:17 Treadmill Crane
33:40 Chemistry
32:23 Light Cavalry
35:03 Bracer
35:33 Ring Archer Armor
36:36 Light Cavalry
38:28 Forging
38:13 Hussar
41:09 Logistica
42:33 Iron Casting
42:03 Scale Barding Armor
43:22 Cavalier
43:45 Pikeman
49:10 Heavy Cavalry Archer
49:48 Elite Skirmisher
51:30 Elite Cataphract
54:14 Chain Barding Armor
54:50 Gold Shaft Mining
54:05 Stone Mining
55:52 Squires
55:37 Arson
55:31 Halberdier
63:07 Stone Shaft Mining
63:05 Ring Archer Armor
62:36 Scale Mail Armor
63:11 Plate Barding Armor
63:32 Paladin
65:46 Two-Man Saw
65:56 Chain Mail Armor
71:23 Elite Varangian Guard
75:39 Heavy Camel Rider
76:43 Gambesons
77:18 Capped Ram
78:17 Caravan
80:22 Siege Ram
92:15 Fortified Wall
94:48 Crop Rotation
Connection lost

Rejoining the realm…

Still unreachable

The connection could not be restored.

Session expired

The server has moved on; the page needs a fresh start.